 Dungeon Crawl Stone Soup version 0.25.0-15-gac7dcb8919 (console) character file.

Game seed: 4481914600716467350

98 bli the Insei (level 4, -3/36 HPs)
             Began as a Draconian Transmuter on June 28, 2020.
             Slain by Sigmund
             ... wielding a +0 scythe
              (10 damage)
             ... on level 2 of the Dungeon.
             The game lasted 00:06:07 (1578 turns).

bli the Insei (Draconian Transmuter)                Turns: 1578, Time: 00:06:07

Health: -3/36      AC:  5    Str: 12    XL:     4   Next: 43%
Magic:  0/7        EV: 13    Int: 13    God:
Gold:   88         SH:  0    Dex: 19    Spells: 1/7 levels left

rFire    . . .     SeeInvis .     - Unarmed
rCold    . . .     Gourm    .   (no shield)
rNeg     . . .     Faith    .   (armour unavailable)
rPois    .         Spirit   +   (helmet restricted)
rElec    .         Reflect  .   (no cloak)
rCorr    .         Harm     .   (no gloves)
MR       .....                  (no boots)
Stlth    ++........             h - amulet of guardian spirit
HPRegen  0.12/turn              d - +6 ring of dexterity
MPRegen  0.10/turn              (no ring)

@: very slightly contaminated
A: unfitting armour, cold-blooded, AC +5
a: no special abilities


You were on level 2 of the Dungeon.
You were not hungry.

You visited 1 branch of the dungeon, and saw 2 of its levels.

You collected 88 gold pieces.

Inventory:

Missiles
 a - 7 arrows
 e - 31 stones (quivered)
Jewellery
 d - a +6 ring of dexterity (left hand)
 h - an amulet of guardian spirit (around neck)
Scrolls
 b - 3 scrolls of amnesia {unknown}
 i - a scroll of enchant weapon {unknown}
 j - a scroll of remove curse {unknown}
 m - 2 scrolls of teleportation {unknown}
 n - a scroll of fog {unknown}
Potions
 g - a potion of curing {unknown}
 k - a potion of haste {unknown}
 l - a potion of flight {unknown}
Comestibles
 c - 6 rations
 f - 5 chunks of flesh


   Skills:
 * Level 1.9 Fighting
 + Level 2.1 Dodging
 + Level 4.4 Unarmed Combat
 + Level 2.2 Spellcasting
 + Level 2.4 Transmutations


You had one spell level left.
You knew the following spells:

 Your Spells              Type           Power        Failure   Level  Hunger
a - Beastly Appendage     Tmut           #.....       9%          1    ##.....
b - Sticks to Snakes      Tmut           #.......     14%         2    ###....
S - Spider Form           Tmut/Pois      #.........   41%         3    ####...

Your spell library contained the following spells:

 Spells                   Type           Power        Failure   Level  Hunger
 Ice Form                 Ice/Tmut       #.......     83%         4    #####..
 Blade Hands              Tmut           #.........   94%         5    ######.


Dungeon Overview and Level Annotations

Branches:
Dungeon (2/15)

Altars:

Annotations:
D:2 Sigmund


Innate Abilities, Weirdness & Mutations

Your plain brown scales are hard. (AC +5)
You cannot fit into any form of body armour.
You are cold-blooded and may be slowed by cold attacks.


Message History

Sigmund flickers and vanishes!
Deactivating autopickup; reactivate with Ctrl-A.
Something hits you!
You hit something. You headbutt something. You tail-slap something.
Something hits you.
You barely miss something. You headbutt something! You hit something.
You headbutt something. Something hits you but does no damage.
You barely miss something. You miss something. Your headbutt misses something.
Your horns disappear.
Something hits you!
You barely miss something. Something hits you!
* * * LOW HITPOINT WARNING * * *
You hit something.
Some of the chunks of flesh in your inventory have rotted away.
You miss something. Something barely misses you.
You closely miss something.
Your tail-slap misses something.
Casting: Sticks to Snakes (safe; 14% risk of failure)
Confirm with . or Enter, or press ? or * to list all spells.
You create a snake!
You now have 7 arrows.
Something hits you!
You die...

.............#.#### #..#
........#....#.#######..#
..#.#.###...............#
..#.#..##......#.######.#
..#........##..#)######.##
..<.#..######.)#)........#
###.#..## #............#
##.....# #.#..........#
#...##.#####.##.........#
##..###........{.S.......#
..........###.##@....<...#
#...####.## #.##.S.......#
..#.# #.## #............#
....## #..# #..#####.#####
.##..####.# #.## #.#
.......##.###.######.#
.......##.#...##.....#
.......##.#.#.##<....#
.....####.....##.....#
.#........#..###.....##
...#..................#


You could see 2 friendly ball pythons.

Vanquished Creatures
  5 adders (D:2)
  2 worms (D:2)
  A dart slug (D:1)
  2 leopard geckos (D:2)
  A giant cockroach (D:1)
  8 goblins
  8 hobgoblins
  3 jackals (D:1)
  5 kobolds
  2 ball pythons (D:1)
  4 bats (D:1)
  5 rats
46 creatures vanquished.

Notes
Turn   | Place    | Note
-------+----------+-------------------------------------------
     0 | D:1      | bli the Draconian Transmuter began the quest for the Orb.
     0 | D:1      | Reached XP level 1. HP: 16/16 MP: 3/3
   164 | D:1      | Reached XP level 2. HP: 17/23 MP: 5/5
   645 | D:1      | Learned a level 2 spell: Sticks to Snakes
   833 | D:1      | Reached skill level 4 in Unarmed Combat
   833 | D:1      | Reached XP level 3. HP: 28/28 MP: 6/6
  1190 | D:2      | Reached XP level 4. HP: 34/35 MP: 2/7
  1196 | D:2      | Noticed Sigmund
  1229 | D:2      | Learned a level 3 spell: Spider Form
  1578 | D:2      | Slain by Sigmund

Illustrated notes

Levels and vault maps discovered:
D:1:      dpeg_arrival_houses_and_road, layout_basic
D:2:      layout_rooms, first_ration, minmay_randomly_rotated_circles,
          uniq_robin, uniq_sigmund

Skill      XL: |  1  2  3 |
---------------+----------+-----
Unarmed Combat | 4 |  4.4
Dodging        | 2 |  2.1
Fighting       | |  1.9
Spellcasting   | |  2.2
Transmutations | |  2.4

Action                   |  1- 3 |  4- 6 || total
-------------------------+-------+-------++-------
Melee: Unarmed           |   127 |    41 ||   168
       Tailslap          |    20 |     8 ||    28
       Kick              |     7 |     4 ||    11
       Punch             |     3 |       ||     3
       Headbutt          |     1 |     3 ||     4
 Cast: Beastly Appendage |     7 |     6 ||    13
       Sticks to Snakes  |     2 |     3 ||     5
 Stab: Sleeping          |     2 |     1 ||     3
  Eat: Chunk             |     1 |     2 ||     3
Armor: Skin              |    34 |     6 ||    40
Dodge: Dodged            |    83 |    17 ||   100
